 Dungeon Crawl Stone Soup version 0.17.1-3-g152610e (webtiles) character file.

473 Gargoyl the Skirmisher (level 6, -1/49 HPs)
             Began as a Demonspawn Abyssal Knight on Apr 11, 2016.
             Was a Priest of Lugonu.
             Slain by an orc warrior
             ... wielding a +0 war axe
              (11 damage)
             ... on level 4 of the Dungeon.
             The game lasted 00:09:44 (4143 turns).

Gargoyl the Skirmisher (Demonspawn Abyssal Knight)  Turns: 4143, Time: 00:09:44

Health: -1/49      AC: 16    Str: 15    XL:     6   Next: 83%
Magic:  8/8        EV:  5    Int: 13    God:    Lugonu [***...]
Gold:   137        SH:  0    Dex: 14    Spells: 0 memorised, 5 levels left

rFire  + . .     SeeInvis .     a - +1 hand axe
rCold  . . .     Clarity  .     b - +0 plate armour
rNeg   . . .     SustAt   .     (no shield)
rPois  .         Gourm    .     f - +0 hat
rElec  .         Spirit   .     (no cloak)
rCorr  .         Warding  .     e - +0 pair of gloves
rMut   .         Stasis   .     (no boots)
MR     .....                    q - amulet of inaccuracy (curse)
Stlth  ..........               (no ring)
                                d - +3 ring of protection

@: not resistant to hostile enchantments, extremely unstealthy
A: thin skeletal structure 1, fire resistance 1, spiny 1
a: Depart the Abyss, Bend Space, Banish, Renounce Religion


You were on level 4 of the Dungeon.
You worshipped Lugonu.
Lugonu was most pleased with you.
You were very hungry.

You visited 1 branch of the dungeon, and saw 4 of its levels.
You visited the Abyss 1 time.

You collected 137 gold pieces.

Inventory:

Hand Weapons
 a - a +1 hand axe (weapon)
 l - a +0 blowgun
 p - a +0 flail
Missiles
 k - 4 javelins (quivered)
 m - 5 curare-tipped needles
Armour
 b - a +0 plate armour (worn)
 e - a +0 pair of gloves (worn)
 f - a +0 hat (worn)
Jewellery
 d - a +3 ring of protection (left hand)
 h - an uncursed amulet of the gourmand {unknown}
 o - an uncursed ring of ice
 q - a cursed amulet of inaccuracy (around neck)
Scrolls
 g - a scroll of recharging
 i - a scroll of identify
 s - a scroll of remove curse {unknown}
Potions
 r - a potion of cancellation
Comestibles
 c - 3 bread rations
 j - 3 meat rations
 n - a royal jelly


   Skills:
 + Level 4.6 Fighting
 + Level 3.1 Axes
 * Level 4.0 Armour
 + Level 2.6 Dodging
 + Level 1.2 Stealth
 + Level 3.1 Invocations


You had 5 spell levels left.
You didn't know any spells.

Dungeon Overview and Level Annotations

Branches:
Dungeon (4/15)             Temple (0/1) D:4

Altars:
Cheibriados
Dithmenos
Elyvilon
Qazlal
Trog


Innate Abilities, Weirdness & Mutations

You have a somewhat thin skeletal structure (Dex +2, Stealth).
Your flesh is heat resistant.
You are partially covered in sharp spines.


Message History

The orc warrior is severely wounded.
The orc warrior hits you with a war axe!
The orc priest barely misses you.
Unknown command.
You closely miss the orc priest.
The orc priest is almost dead.
You hit the orc warrior but do no damage.
The orc warrior is severely wounded.
The orc priest is struck by your spines.
You kill the orc priest!
Lugonu accepts your kill.
The orc warrior hits you with a war axe.
* * * LOW HITPOINT WARNING * * *
You miss the orc warrior.
The orc warrior is severely wounded.
The orc warrior hits you but does no damage.
Drink which item? (? for menu, Esc to quit)
It was a potion of cancellation.
You feel magically purged.
The orc warrior hits you with a war axe!
You die...

*,** #.,,** #...###.##...
**,* *#.#######..#..#*##..
*,** ##.....#......## ###.
**,###..........#...###...
***,,....#'#..#.###........
*,,,*,#..#_#..#.# #..##...#
**,***#..#'#..#.# ##.###..#
*** #......#..# #.###.##
##.)@..#..# #.......
#..o.###.## ##.......
##....)...####.####...
#.#........#))..###...
#####....#......))...##...
####.##..###.......)#..<.....
#.#...#..# #........####.....
##...###.###.#...#..####...##
#...## #.##.##..##...#E#...#E


You could see an orc warrior.

Vanquished Creatures
  An ogre (D:4)
  A scorpion (D:4)
  An orc priest (D:4)
  An orc wizard (D:4)
  3 worker ants
  5 adders
  3 gnolls (D:4)
  A shadow imp (D:4)
  4 worms
  12 orcs
  6 bats
  7 giant cockroaches
  10 goblins
  11 hobgoblins
  14 kobolds
  4 quokkas
  3 ball pythons (D:1)
  8 giant geckos
  5 giant newts
  10 rats
  A plant (D:2)
111 creatures vanquished.

Notes
Turn   | Place    | Note
--------------------------------------------------------------
     0 | Abyss:1  | Gargoyl the Demonspawn Abyssal Knight began the quest for the Orb.
     0 | Abyss:1  | Reached XP level 1. HP: 18/18 MP: 2/2
    32 | Abyss:1  | Noticed a lich
    33 | Abyss:1  | Noticed a small abomination
    43 | Abyss:1  | Paralysed by a lich for 3 turns
    53 | D:1      | Escaped the Abyss
   126 | D:1      | Reached skill level 1 in Dodging
   176 | D:1      | Reached * piety under Lugonu
   321 | D:1      | Gained mutation: You are partially covered in sharp spines. [demonic ancestry]
   321 | D:1      | Reached XP level 2. HP: 18/24 MP: 3/3
   691 | D:1      | Gained mutation: You have a somewhat thin skeletal structure (Dex +2, Stealth). [demonic ancestry]
   691 | D:1      | Reached XP level 3. HP: 29/29 MP: 5/5
  1042 | D:1      | Reached ** piety under Lugonu
  1095 | D:2      | Found a faded altar to an unknown god.
  1196 | D:2      | Found a white marble altar of Elyvilon.
  1483 | D:2      | Reached XP level 4. HP: 37/37 MP: 6/6
  1936 | D:2      | Reached *** piety under Lugonu
  2213 | D:3      | Reached skill level 4 in Fighting
  2451 | D:3      | Gained mutation: Your flesh is heat resistant. [demonic ancestry]
  2451 | D:3      | Reached XP level 5. HP: 39/42 MP: 7/7
  3048 | D:4      | Found a stormy altar of Qazlal.
  3048 | D:4      | Noticed a fire elemental
  3106 | D:4      | Noticed a water elemental
  3106 | D:4      | Noticed an air elemental
  3158 | D:4      | Noticed an ogre
  3169 | D:4      | Killed an ogre
  3169 | D:4      | Reached skill level 1 in Stealth
  3169 | D:4      | Reached XP level 6. HP: 44/49 MP: 8/8
  3423 | D:4      | Found a shadowy altar of Dithmenos.
  3637 | D:4      | Found a bloodstained altar of Trog.
  3879 | D:4      | Found a staircase to the Ecumenical Temple.
  4129 | D:4      | Found a snail-covered altar of Cheibriados.
  4143 | D:4      | Slain by an orc warrior

Action                   |  1- 3 |  4- 6 || total
-------------------------+-------+-------++-------
Melee: Hand axe          |    68 |   112 ||   180
 Fire: Blowgun           |       |     2 ||     2
Invok: Depart the Abyss  |     1 |       ||     1
  Use: Potion            |       |     2 ||     2
       Scroll            |       |     7 ||     7
  Eat: Chunk             |     2 |     7 ||     9
